 Dungeon Crawl Stone Soup version 0.26-a0-466-g989023bd0d (webtiles) character file.

Game seed: 18229645038412075321

109 Ishchenko the Shield-Bearer (level 4, 0/41 HPs)
             Began as a Gnoll Fighter on July 30, 2020.
             Was an Initiate of Gozag.
             Slain by a gnoll
             ... wielding a +0 halberd
              (9 damage)
             ... on level 3 of the Dungeon.
             The game lasted 00:07:10 (2542 turns).

Ishchenko the Shield-Bearer (Gnoll Fighter)         Turns: 2542, Time: 00:07:12

Health: 0/41       AC:  7    Str: 19    XL:     4   Next: 90%
Magic:  5/5        EV:  8    Int: 10    God:    Gozag
Gold:   215        SH: 11    Dex: 15    Spells: 5/5 levels left

rFire    . . .     SeeInvis .   a - +0 long sword
rCold    . . .     Faith    .   c - +0 kite shield
rNeg     . . .     Spirit   .   b - +0 scale mail
rPois    .         Reflect  .   (no helmet)
rElec    .         Harm     .   (no cloak)
rCorr    .                      (no gloves)
MR       .....                  (no boots)
Stlth    ..........             (no amulet)
HPRegen  0.13/turn              (no ring)
MPRegen  0.09/turn              (no ring)

@: hasted, very quick
A: distributed training, fangs 1, strong nose
a: Potion Petition, Call Merchant, Bribe Branch, Renounce Religion


You were on level 3 of the Dungeon.
You worshipped Gozag.
Gozag was aware of your devotion.
You visited 1 branch of the dungeon, and saw 3 of its levels.

You collected 245 gold pieces.
You paid 30 gold pieces to Gozag.

Inventory:

Hand Weapons
 a - a +0 long sword (weapon)
Armour
 b - a +0 scale mail (worn)
 c - a +0 kite shield (worn)
Jewellery
 n - an uncursed ring of protection from magic {unknown}
Scrolls
 d - 2 scrolls of fear {unknown}
 f - a scroll of remove curse {unknown}
 g - a scroll of teleportation {unknown}
 i - 2 scrolls of identify {unknown}
 l - a scroll of immolation {unknown}
Potions
 h - a potion of heal wounds {unknown}
 j - a potion of degeneration {unknown}
 k - a potion of curing {unknown}
 m - a potion of flight {unknown}
 o - a potion of stabbing {unknown}


   Skills:
 + Level 6.6 Fighting
 + Level 1.2 Short Blades
 + Level 4.7 Long Blades
 + Level 1.2 Axes
 + Level 1.2 Maces & Flails
 + Level 1.2 Polearms
 + Level 1.2 Staves
 + Level 1.2 Slings
 + Level 1.2 Bows
 + Level 1.2 Crossbows
 + Level 1.2 Throwing
 + Level 6.6 Armour
 + Level 1.2 Dodging
 + Level 1.2 Stealth
 + Level 6.6 Shields
 + Level 1.2 Unarmed Combat
 + Level 1.2 Spellcasting
 + Level 1.0 Conjurations
 + Level 1.0 Hexes
 + Level 1.0 Summonings
 + Level 1.0 Necromancy
 + Level 1.0 Translocations
 + Level 1.0 Transmutations
 + Level 1.0 Fire Magic
 + Level 1.0 Ice Magic
 + Level 1.0 Air Magic
 + Level 1.0 Earth Magic
 + Level 1.0 Poison Magic
 + Level 1.4 Invocations
 + Level 1.2 Evocations


You had 5 spell levels left.
You didn't know any spells.
Your spell library was empty.

Dungeon Overview and Level Annotations

Branches:
Dungeon (3/15)

Altars:
Gozag


Innate Abilities, Weirdness & Mutations

Your experience applies equally to all skills.
You have very sharp teeth.
Your uncanny sense of smell can sniff out nearby items.


Message History

The gnoll is severely wounded.
The gnoll hits you with a +0 flail. You block the gnoll's attack.
The gnoll barely misses you. The worm bites you.
You are too injured to fight recklessly!
You are too injured to fight recklessly!
You are too injured to fight recklessly!
You are too injured to fight recklessly!
You are too injured to fight recklessly!
It was a potion of haste.
You feel yourself speed up. You block the gnoll's attack.
The gnoll closely misses you.
You riposte.
You hit the gnoll.
The gnoll is lightly wounded.
The gnoll hits you with a +0 halberd!
* * * LOW HITPOINT WARNING * * *
The worm closely misses you.
You riposte.
You hit the worm.
The worm is lightly wounded.
The gnoll barely misses you.
The gnoll hits you from afar with a +0 halberd!
You die...
Your body crumbles into a pile of gold.

######## ####### #......#
#.....# ###......#
#.....# ##### .........#
#.....####...# ......gg.#
#............#
......g.@###......#.....#
.......w..........#.....#
......(..##.##....#.....#
....###.....##.####...###
... #.#####.........# ..
... ........>...# . ...#
....##.....# .....
..#.....###### ....
#.#.........


You could see a worm and 3 gnolls.

Vanquished Creatures
  4 adders
  2 oozes
  A worm (D:3)
  2 dart slugs (D:2)
  4 bats
  A giant cockroach (D:1)
  9 hobgoblins
  14 jackals
  A quokka (D:2)
  4 goblins (D:1)
  6 kobolds
  7 rats
55 creatures vanquished.

Notes
Turn   | Place    | Note
-------+----------+-------------------------------------------
     0 | D:1      | Ishchenko the Gnoll Fighter began the quest for the Orb.
     0 | D:1      | Reached XP level 1. HP: 23/23 MP: 1/1
    89 | D:1      | Reached XP level 2. HP: 22/29 MP: 2/2
   342 | D:1      | Reached XP level 3. HP: 35/35 MP: 3/3
   947 | D:1      | Reached skill level 1 in Invocations
  1118 | D:2      | Reached skill level 1 in Short Blades
  1118 | D:2      | Reached skill level 1 in Axes
  1118 | D:2      | Reached skill level 1 in Maces & Flails
  1118 | D:2      | Reached skill level 1 in Polearms
  1118 | D:2      | Reached skill level 1 in Staves
  1118 | D:2      | Reached skill level 1 in Slings
  1118 | D:2      | Reached skill level 1 in Bows
  1118 | D:2      | Reached skill level 1 in Crossbows
  1118 | D:2      | Reached skill level 1 in Throwing
  1118 | D:2      | Reached skill level 1 in Dodging
  1118 | D:2      | Reached skill level 1 in Stealth
  1118 | D:2      | Reached skill level 1 in Unarmed Combat
  1118 | D:2      | Reached skill level 1 in Spellcasting
  1118 | D:2      | Reached skill level 1 in Evocations
  1236 | D:2      | Found an opulent altar of Gozag.
  1244 | D:2      | Became a worshipper of Gozag Ym Sagoz the Greedy
  1266 | D:2      | Reached XP level 4. HP: 34/41 MP: 5/5
  2241 | D:3      | Reached skill level 1 in Conjurations
  2241 | D:3      | Reached skill level 1 in Hexes
  2241 | D:3      | Reached skill level 1 in Summonings
  2241 | D:3      | Reached skill level 1 in Necromancy
  2241 | D:3      | Reached skill level 1 in Translocations
  2241 | D:3      | Reached skill level 1 in Transmutations
  2241 | D:3      | Reached skill level 1 in Fire Magic
  2241 | D:3      | Reached skill level 1 in Ice Magic
  2241 | D:3      | Reached skill level 1 in Air Magic
  2241 | D:3      | Reached skill level 1 in Earth Magic
  2241 | D:3      | Reached skill level 1 in Poison Magic
  2542 | D:3      | Slain by a gnoll

Illustrated notes

Levels and vault maps discovered:
D:1:      dpeg_arrival_round_a, layout_basic
D:2:      layout_rooms, minivault_5, chequers_big_river,
          nicolae_gozag_seed_capital
D:3:      layout_basic, gammafunk_temple_overflow_statue, due_unseen_surprise

Skill      XL: |  1  2  3  4 |
---------------+-------------+-----
Invocations    | 1 |  1.4
Short Blades   | 1 |  1.2
Axes           | 1 |  1.2
Maces & Flails | 1 |  1.2
Polearms       | 1 |  1.2
Staves         | 1 |  1.2
Slings         | 1 |  1.2
Bows           | 1 |  1.2
Crossbows      | 1 |  1.2
Throwing       | 1 |  1.2
Dodging        | 1 |  1.2
Stealth        | 1 |  1.2
Unarmed Combat | 1 |  1.2
Spellcasting   | 1 |  1.2
Evocations     | 1 |  1.2
Conjurations   | 1 |  1.0
Hexes          | 1 |  1.0
Summonings     | 1 |  1.0
Necromancy     | 1 |  1.0
Translocations | 1 |  1.0
Transmutations | 1 |  1.0
Fire Magic     | 1 |  1.0
Ice Magic      | 1 |  1.0
Air Magic      | 1 |  1.0
Earth Magic    | 1 |  1.0
Poison Magic   | 1 |  1.0
Fighting       | |  6.6
Long Blades    | |  4.7
Armour         | |  6.6
Shields        | |  6.6

Action                   |  1- 3 |  4- 6 || total
-------------------------+-------+-------++-------
Melee: Long sword        |    91 |    60 ||   151
       Bite              |    10 |    10 ||    20
  Use: Potion            |     1 |     1 ||     2
       Scroll            |       |     1 ||     1
Armor: Scale mail        |    58 |    44 ||   102
Dodge: Dodged            |    31 |    41 ||    72
Block: Kite shield       |    74 |    71 ||   145
       Rpst.: Long sword |     8 |     9 ||    17

Table legend: (Time is in decaauts)
 A = Elapsed time spent in this place.
 B = Non-inter-level travel time spent in this place.
 C = Inter-level travel time spent in this place.
 D = Time resting spent in this place.
 E = Time spent auto-exploring this place.
 F = Levels seen in this place.
 G = Mean time per level.
                   A        B        C        D        E       F      G
               +--------+--------+--------+--------+--------+-----+--------+
         Total |   2584 |   2502 |     82 |    154 |   1767 |   3 |  861.3 |
       Dungeon |   2584 |   2502 |     82 |    154 |   1767 |   3 |  861.3 |
               +--------+--------+--------+--------+--------+-----+--------+

Top non-repeatable levels by time:
     D:2: 1139 daAuts
     D:1: 1125 daAuts
     D:3: 319 daAuts
